 Dungeon Crawl Stone Soup version 0.29-a0-397-g846e4a0bbc (webtiles) character file.

Game seed: 10263959630574984245

6316 chopper the Cleaver (level 10, 0/92 HPs)
             Began as a Minotaur Fighter on May 12, 2022.
             Was a Believer of Nemelex Xobeh.
             Slain by a centaur warrior
             ... wielding a staff of air
              (8 damage)
             ... on level 8 of the Dungeon.
             The game lasted 00:48:15 (7404 turns).

chopper the Cleaver (Minotaur Fighter)              Turns: 7404, Time: 00:48:15

Health: 0/92       AC: 20    Str: 25    XL:     10   Next: 64%
Magic:  9/9        EV: 12    Int:  5    God:    Nemelex Xobeh [**....]
Gold:   410        SH:  0    Dex: 10    Spells: 9/9 levels left

rFire   + . .      SeeInvis .   G - +2 battleaxe
rCold   . . .      Faith    .   (shield currently unavailable)
rNeg    . . .      Spirit   .   z - +0 plate armour
rPois   .          Reflect  .   E - +3 hat of the Trombone {rC+}
rElec   .          Harm     .   l - +1 cloak {Stlth+}
rCorr   .          Rampage  .   (no gloves)
Will    .....                   (no boots)
Stlth   ..........              h - amulet of regeneration
HPRegen 1.05/turn               r - +4 ring of evasion
MPRegen 0.11/turn               b - ring of fire

@: about to teleport
A: horns 2, retaliatory headbutt
a: Renounce Religion, Draw Escape, Draw Destruction, Draw Summoning


You were on level 8 of the Dungeon.
You worshipped Nemelex Xobeh.
Nemelex Xobeh was pleased with you.
You visited 2 branches of the dungeon, and saw 11 of its levels.

You collected 410 gold pieces.

Inventory:

Hand Weapons
 a - a +0 war axe
 x - a +3 shortbow
 B - a +3 great sword
 G - a +2 battleaxe (weapon)
Missiles
 w - a boomerang (quivered)
Armour
 c - a +0 buckler
 l - a +1 cloak of stealth (worn)
 z - a +0 plate armour (worn)
 E - the +3 hat of the Trombone (worn) {rC+}
   (You found it on level 7 of the Dungeon)

   rC:        It protects you from cold.
Jewellery
 b - a ring of fire (right hand)
 h - an amulet of regeneration (around neck)
 r - a +4 ring of evasion (left hand)
 v - an amulet of the acrobat
Wands
 C - a wand of charming (6)
Scrolls
 e - 3 scrolls of enchant armour
 i - 5 scrolls of immolation
 n - 3 scrolls of poison
 o - a scroll of noise {unknown}
 q - 3 scrolls of teleportation
 s - a scroll of fear {unknown}
 y - 2 scrolls of fog {unknown}
Potions
 d - 2 potions of might
 f - a potion of resistance
 g - a potion of berserk rage {unknown}
 j - 5 potions of curing
 k - 3 potions of lignification
 m - a potion of haste
 p - 2 potions of degeneration {unknown}
 t - a potion of flight
 u - 2 potions of cancellation {unknown}
 A - a potion of magic {unknown}
 D - a potion of attraction {unknown}


   Skills:
 + Level 9.7 Fighting
 + Level 1.2 Long Blades
 + Level 12.6 Axes
 + Level 10.3 Armour
 + Level 3.0 Dodging
 + Level 1.2 Stealth
 + Level 6.5 Shields


You had 9 spell levels left.
You didn't know any spells.
Your spell library contained the following spells:

 Spells                   Type           Power      Damage    Failure   Level
 Beastly Appendage        Tmut           0%         N/A       99%         1
 Magic Dart               Conj           0%         1d3       99%         1
 Searing Ray              Conj           0%         2d4       100%        2
 Sublimation of Blood     Necr           0%         N/A       100%        2
 Wereblood                Tmut           0%         N/A       100%        2
 Dazzling Flash           Conj/Hex       0%         N/A       100%        3
 Gell's Gravitas          Tloc           0%         N/A       100%        3
 Spider Form              Tmut/Pois      0%         N/A       100%        3
 Teleport Other           Tloc           0%         N/A       100%        3
 Fulminant Prism          Conj/Hex       0%         3d6       100%        4
 Dispersal                Tloc           0%         N/A       100%        6
 Statue Form              Tmut/Erth      0%         N/A       100%        6
 Summon Hydra             Summ           0%         N/A       100%        7
 Shatter                  Erth           0%         3d5*      100%        9


Dungeon Overview and Level Annotations

Branches:
Dungeon (10/15)            Temple (1/1) D:4            Lair (0/6) D:10
    Orc: D:9-12

Altars:
Ashenzari
Cheibriados
Fedhas
Gozag
Hepliaklqana
Kikubaaqudgha
Nemelex Xobeh
Okawaru
Qazlal
Ru
Sif Muna
Trog
Vehumet
Wu Jian
Yredelemnul
Zin
The Shining One

Shops:
D:4 *

Annotations:
Abyss:1 Maggie


Innate Abilities, Weirdness & Mutations

You have a pair of horns on your head.
You reflexively headbutt those who attack you in melee.


Message History

The boulder beetle waves its antennae.
The boulder beetle bites you but does no damage.
Your orb of destruction hits a rock wall.
You hit the boulder beetle but do no damage.
The boulder beetle is severely wounded.
You hit the orc warrior but do no damage.
Your orb of destruction hits a rock wall.
The boulder beetle leaps!
The orc warrior hits you but does no damage.
Your orb of destruction hits a rock wall.
The centaur warrior shoots an arrow.
The arrow hits you!
* * * LOW HITPOINT WARNING * * *
You slash the orc warrior!
You headbutt the orc warrior, but do no damage.
The orc warrior is severely wounded.
You hit the centaur warrior but do no damage.
The centaur warrior unwields a +3 shortbow.
The centaur warrior wields a staff of air.
The centaur warrior hits you but does no damage.
The centaur warrior barely misses you.
As you read the scroll of teleportation, it crumbles to dust.
You feel strangely unstable.
The centaur warrior hits you but does no damage.
You are electrocuted!
* * * LOW HITPOINT WARNING * * *
The centaur warrior closely misses you.
The boulder beetle curls into a ball and begins rolling!
You draw a card...
You have drawn Vitriol.
Press: ? - help, Shift-Dir - straight line, f/p - boulder beetle
Aim: a boulder beetle (severely wounded, rolling)
The glob of acid misses the centaur warrior.
The glob of acid hits the boulder beetle!
The acid corrodes the boulder beetle!
The boulder beetle is almost dead.
The centaur warrior hits you with a staff of air.
* * * LOW HITPOINT WARNING * * *
You are electrocuted!
You die...
Your body disappears without a glow.

....##...##...##......
..........# ...#.....
..........# ..#B....
..........# #....
....##...#######...
....########.....######
....##.....#.....)....#
....##.....#...oc#○...#
..........<'....@#B...#
....########.....#°..##
.†..#.......).####°c.#
##'##.........# .......
...)..........# ..........
..............#...........
..............#...°...##..
..............#...○...# ..
..............#........


You could see a boulder beetle (rolling, corroded), a centaur warrior and an orc
warrior.

Vanquished Creatures
  2 two-headed ogres
  A deep elf pyromancer (D:8)
  A troll (D:8)
  5 wyverns
  A basilisk (D:10)
  6 water moccasins
  5 black bears
  2 ogres
  A wolf (D:10)
  3 centaurs
  2 phantoms
  2 kobold brigands
  2 bullfrogs
  2 necrophages (D:7)
  A wyvern zombie (D:7)
  A scorpion (D:6)
  A water moccasin zombie (D:7)
  7 wights
  3 howler monkeys
  A centaur zombie (D:7)
  3 hounds
  A human zombie (D:7)
  A jelly (D:8)
  Jessica (D:2)
  3 iguanas
  Terence (D:2)
  2 orc wizards (D:8)
  Natasha (thrice) (D:4)
  2 killer bee zombies (D:7)
  A mummy (D:7)
  2 howler monkey zombies (D:7)
  8 adders
  A worm (D:4)
  A dart slug (D:1)
  7 orcs
  3 giant cockroaches (D:3)
  7 goblins
  8 hobgoblins
  7 kobolds
  2 quokkas
  A ball python (D:3)
  7 bats
  2 frilled lizards
  9 rats
132 creatures vanquished.

Vanquished Creatures (others)
  4 fungi (D:10)
  16 plants (D:10)
20 creatures vanquished.

Grand Total: 152 creatures vanquished

Notes
Turn   | Place    | Note
-------+----------+-------------------------------------------
     0 | D:1      | chopper the Minotaur Fighter began the quest for the Orb.
     0 | D:1      | Reached XP level 1. HP: 19/19 MP: 0/0
   265 | D:1      | Found a faded altar of an unknown god.
   359 | D:1      | Reached XP level 2. HP: 27/27 MP: 1/1
   953 | D:2      | Noticed Jessica
   958 | D:2      | Killed Jessica
   959 | D:2      | Reached skill level 3 in Axes
   959 | D:2      | Reached XP level 3. HP: 33/33 MP: 2/2
   962 | D:2      | Reached XP level 4. HP: 40/40 MP: 3/3
  1060 | D:2      | Noticed Terence
  1080 | D:2      | Killed Terence
  1292 | D:2      | Found an opulent altar of Gozag.
  2284 | D:3      | Reached skill level 4 in Axes
  2750 | D:4      | Reached skill level 1 in Dodging
  2750 | D:4      | Reached XP level 5. HP: 45/47 MP: 4/4
  2791 | D:4      | Found an iron altar of Okawaru.
  2824 | D:4      | Noticed Natasha
  2830 | D:4      | Killed Natasha
  3365 | D:4      | Found Pyetweumm's Serpentskin Sales.
  3429 | D:4      | Noticed Natasha
  3435 | D:4      | Killed Natasha
  3437 | D:4      | Noticed a phantom
  3450 | D:4      | Killed a phantom
  3451 | D:4      | Reached skill level 5 in Axes
  3451 | D:4      | Reached skill level 5 in Armour
  3451 | D:4      | Reached XP level 6. HP: 55/55 MP: 5/5
  3580 | D:4      | Found a radiant altar of Vehumet.
  3726 | D:4      | Found a staircase to the Ecumenical Temple.
  3791 | Temple   | Entered the Ecumenical Temple
  3976 | Temple   | Became a worshipper of Nemelex Xobeh the Trickster
  4092 | D:4      | Noticed Natasha
  4102 | D:4      | Killed Natasha
  4147 | D:5      | Entered Level 5 of the Dungeon
  4253 | D:5      | Found a broken altar of Ashenzari.
  4408 | D:5      | Reached skill level 5 in Fighting
  4454 | D:5      | Reached skill level 5 in Shields
  4488 | D:5      | Reached XP level 7. HP: 61/61 MP: 6/6
  4774 | D:5      | Reached skill level 6 in Axes
  4918 | D:6      | Reached * piety under Nemelex Xobeh
  5013 | D:6      | Reached skill level 7 in Axes
  5013 | D:6      | Reached XP level 8. HP: 40/70 MP: 7/7
  5200 | D:6      | Received a gift from Nemelex Xobeh
  5371 | D:6      | Reached skill level 8 in Axes
  5443 | D:6      | Got the Incunabulum of the Rocks and Arcane Weapons
  5470 | D:6      | Noticed Maggie
  5485 | D:6      | Banished Maggie
  5966 | D:7      | You fall into a shaft and drop 3 floors!
  5966 | D:10     | Entered Level 10 of the Dungeon
  5966 | D:10     | Found a staircase to the Lair.
  5979 | D:10     | Found a glowing silver altar of Zin.
  5991 | D:10     | Reached skill level 9 in Axes
  5996 | D:10     | Reached XP level 9. HP: 76/79 MP: 8/8
  6186 | D:10     | Reached skill level 10 in Axes
  6310 | D:9      | Reached ** piety under Nemelex Xobeh
  6344 | D:9      | Reached skill level 1 in Long Blades
  6652 | D:7      | Identified the +3 hat of the Trombone {rC+}
  6737 | D:7      | Found a shimmering blue altar of Sif Muna.
  6754 | D:7      | Noticed a two-headed ogre
  6761 | D:7      | Killed a two-headed ogre
  6762 | D:7      | Reached skill level 11 in Axes
  6762 | D:7      | Reached skill level 1 in Stealth
  6762 | D:7      | Reached XP level 10. HP: 76/90 MP: 9/9
  7014 | D:7      | Found an ancient bone altar of Kikubaaqudgha.
  7247 | D:8      | Noticed a two-headed ogre
  7252 | D:8      | Killed a two-headed ogre
  7253 | D:8      | Reached skill level 10 in Armour
  7271 | D:8      | Noticed a deep elf pyromancer
  7295 | D:8      | Reached skill level 12 in Axes
  7297 | D:8      | Killed a deep elf pyromancer
  7308 | D:8      | Noticed a boulder beetle
  7391 | D:8      | Noticed a centaur warrior
  7404 | D:8      | Slain by a centaur warrior

Illustrated notes

Levels and vault maps discovered:
D:1:      dpeg_arrival_subterranean_lakeside_camping, layout_basic,
          hellmonk_ecumenical_altar_inner_sanctum
D:2:      layout_basic, basic_altar, uniq_jessica, uniq_terence
D:3:      layout_basic, supply_closet_lemuel, minivault_24
D:4:      layout_gridville, kennysheep_mini, mainiacjoe_overflow_catwalk,
          minmay_temple_entry_statues_fountains, guppyfry_shop_venom,
          uniq_natasha
D:5:      layout_loops_ring, cheibrodos_ashenzari_chains
D:6:      layout_basic, uniq_maggie
D:7:      layout_loops_ring, kennysheep_mini_moat,
          lemuel_mausoleum_altar_kikubaaqudgha, nicolae_figureground_sparkle
D:8:      minmay_the_grid_square_5x5_3x3 [minmay_the_grid_square_5x5_plus,
          minmay_the_grid_square_5x5_slash,
          minmay_the_grid_square_5x5_doubleslash,
          minmay_the_grid_square_5x5_sharp_hourglass,
          minmay_the_grid_square_5x5_megaprize_open,
          minmay_the_grid_square_5x5_dogpile,
          minmay_the_grid_square_5x5_longway,
          minmay_the_grid_square_5x5_inner_i,
          minmay_the_grid_square_5x5_tetrominoes], layout_gridville,
          serial_shops, nicolae_shop_crystal, uniq_joseph
D:9:      minmay_bloctagon, layout_rooms, mainiacjoe_overflow_tiny_flanked,
          kennysheep_cross_room
D:10:     layout_roguey, mainiacjoe_overflow_alcove_2, nicolae_uskayaw_suspiria,
          mainiacjoe_overflow_paths, minmay_lair_entry_grove,
          hellmonk_bongcloud_opening
Temple:   nicolae_temple_figure_eight

Skill      XL: |  1  2  3  4  5  6  7  8  9 10 |
---------------+-------------------------------+-----
Armour         | 4 5 6 7 9 10 | 10.3
Fighting       | 4 5 6 7 8 9 |  9.7
Axes           | 3 4 5 7 9 11 12 | 12.6
Shields        | 4 5 6 |  6.5
Dodging        | 1 2 3 |  3.0
Long Blades    | 1 |  1.2
Stealth        | 1 |  1.2

Action                   |  1- 3 |  4- 6 |  7- 9 | 10-12 || total
-------------------------+-------+-------+-------+-------++-------
Melee: War axe           |    43 |   162 |   179 |    58 ||   442
       Headbutt          |     4 |    13 |    36 |    27 ||    80
       Great sword       |       |       |     4 |       ||     4
       Battleaxe         |       |       |       |    48 ||    48
       Punch             |       |       |       |     2 ||     2
Invok: Draw Escape       |       |       |     1 |       ||     1
       Draw Destruction  |       |       |       |     2 ||     2
  Use: Scroll            |       |     9 |     3 |     1 ||    13
       Potion            |       |       |     5 |     1 ||     6
Armor: Scale mail        |    52 |     5 |       |       ||    57
       Chain mail        |       |    64 |       |       ||    64
       Plate armour      |       |    27 |   122 |    56 ||   205
Dodge: Dodged            |    42 |   109 |   104 |    61 ||   316
Block: Buckler           |    25 |    55 |    35 |       ||   115

Table legend: (Time is in decaauts)
 A = Elapsed time spent in this place.
 B = Non-inter-level travel time spent in this place.
 C = Inter-level travel time spent in this place.
 D = Time resting spent in this place.
 E = Time spent auto-exploring this place.
 F = Levels seen in this place.
 G = Mean time per level.
                   A        B        C        D        E       F      G
               +--------+--------+--------+--------+--------+-----+--------+
         Total |   7497 |   7497 |      0 |    130 |      0 |  11 |  681.5 |
       Dungeon |   7275 |   7275 |      0 |    130 |      0 |  10 |  727.5 |
        Temple |    222 |    222 |      0 |      0 |      0 |   1 |  222.0 |
               +--------+--------+--------+--------+--------+-----+--------+

Top non-repeatable levels by time:
     D:4: 1213 daAuts
     D:3: 1117 daAuts
     D:6: 985 daAuts
     D:7: 946 daAuts
     D:1: 857 daAuts
     D:2: 814 daAuts
     D:5: 672 daAuts
    D:10: 339 daAuts
     D:8: 240 daAuts
  Temple: 222 daAuts
     D:9: 88 daAuts
